 Dungeon Sprint DCSS version 0.29.1-15-g9cfb28693d (webtiles) character file.

Game seed: 13545826286596010250

15348 Groucho the Eclecticist (level 12, -3/100 HPs)
             Began as a Spriggan Enchanter on Feb 22, 2023.
             Was the Champion of Dithmenos.
             Slain by an iron elemental (33 damage)
             ... in the Dungeon (Sprint II: "The Violet Keep of Menkaure").
             The game lasted 00:11:38 (977 turns).

Groucho the Eclecticist (Spriggan Enchanter)         Turns: 977, Time: 00:11:38

Health: -3/100     AC:  7    Str: 12    XL:     12   Next: 0%
Magic:  29/35      EV: 30    Int: 17    God:    Dithmenos [******]
Gold:   448        SH:  0    Dex: 19    Spells: 35/48 levels left

rFire   + . .      SeeInvis +   a - +1 dagger
rCold   + . .      Faith    .   (no shield)
rNeg    . . .      Spirit   .   C - +2 robe of Parts Unknown {Str+4 Dex+3}
rPois   +          Reflect  .   (helmet restricted)
rElec   +          Harm     .   A - +0 cloak
rCorr   +          Rampage  .   (gloves unavailable)
Will    ++...      NoTele   +   (boots unavailable)
Stlth   ..........              j - amulet of the acrobat
HPRegen 0.26/turn               b - ring of flight
MPRegen 0.24/turn               (no ring)

@: berserking (expiring), resistant, flying, hasted, wreathed by umbra, unable
to drink, very quick
A: very small, no large weapons, unfitting armour, see invisible, speed 3,
iridescent scales 1, wild magic 1, inability to drink after injury 1
a: Renounce Religion, Shadow Step, Shadow Form


You were in the Dungeon.
You worshipped Dithmenos.
Dithmenos was exalted by your worship.
You visited 1 branch You collected 1842 gold pieces.
You spent 1394 gold pieces at shops.

Inventory:

Hand Weapons
 a - a +1 dagger (weapon)
Missiles
 q - 3 boomerangs (quivered)
Armour
 f - a +2 robe of cold resistance
 A - a +0 cloak (worn)
 C - the +2 robe of Parts Unknown (worn) {Str+4 Dex+3}
   (You bought it in a shop in the Dungeon)

   Str:       It affects your strength (+4).
   Dex:       It affects your dexterity (+3).
Jewellery
 b - a ring of flight (left hand)
 j - an amulet of the acrobat (around neck)
 y - an amulet of regeneration
Scrolls
 e - 2 scrolls of amnesia {unknown}
 i - 2 scrolls of blinking
 k - a scroll of magic mapping {unknown}
 p - 2 scrolls of vulnerability {unknown}
 t - a scroll of enchant armour {unknown}
 u - a scroll of fear {unknown}
 v - 2 scrolls of enchant weapon {unknown}
 x - a scroll of poison {unknown}
Potions
 c - a potion of invisibility
 d - 2 potions of curing
 g - 7 potions of magic
 l - 2 potions of heal wounds
 m - 3 potions of resistance
 n - 6 potions of flight
 o - a potion of brilliance
 z - a potion of lignification {unknown}
 B - a potion of degeneration {unknown}


   Skills:
 - Level 10.0 Fighting
 - Level 10.0 Short Blades
 + Level 15.4 Dodging
 - Level 17.0 Stealth
 + Level 18.7 Spellcasting
 - Level 14.0 Hexes
 + Level 11.3 Invocations


You had 35 spell levels left.
You knew the following spells:

 Your Spells              Type           Power      Damage    Failure   Level
a - Ensorcelled Hibernat  Hex/Ice        100%       N/A       1%          2
b - Confusing Touch       Hex            70%        N/A       1%          3
c - Passwall              Tmut/Erth      16%        N/A       9%          2
d - Dazzling Flash        Conj/Hex       100%       N/A       1%          3
e - Blink                 Tloc           40%        N/A       9%          2
f - Magic Dart            Conj           80%        1d7       6%          1

Your spell library contained the following spells:

 Spells                   Type           Power      Damage    Failure   Level
 Tukima's Dance           Hex            70%        N/A       1%          3
 Call Imp                 Summ           20%        N/A       9%          2
 Gell's Gravitas          Tloc           20%        N/A       16%         3
 Mephitic Cloud           Conj/Pois/Air  20%        N/A       16%         3
 Teleport Other           Tloc           20%        N/A       16%         3
 Passage of Golubria      Tloc           20%        N/A       43%         4
 Iron Shot                Conj/Erth      10%        9d3       99%         6
 Statue Form              Tmut/Erth      13%        N/A       99%         6
 Disjunction              Tloc           10%        N/A       100%        8


Dungeon Overview and Level Annotations

Branches:
Dungeon (1/1)

Altars:
Cheibriados
Dithmenos
Elyvilon
Fedhas
Gozag
Hepliaklqana
Kikubaaqudgha
Makhleb
Nemelex Xobeh
Okawaru
Qazlal
Ru
Sif Muna
Trog
Uskayaw
Vehumet
Wu Jian
Xom
Yredelemnul
Zin
The Shining One
Jiyva
Lugonu

Shops:
D !::[*[:(==*:[?!

Annotations:
D exclusions: ice statue, oklob plant and orange crystal statue


Innate Abilities, Weirdness & Mutations

You are very small and have problems with some larger weapons.
You are too small for most types of armour.
You have supernaturally acute eyesight. (SInv)
You cover ground extremely quickly. (Speed+++)
You are partially covered in iridescent scales. (AC +2)
Your spells are a little harder to cast, but a little more powerful.
You occasionally lose the ability to drink potions when taking damage.


Message History

The iron elemental is lightly damaged.
You hit the iron elemental but do no damage.
The iron elemental is lightly damaged.
Your shadow hits the iron elemental but does no damage.
You hit the iron elemental but do no damage.
The iron elemental is lightly damaged.
Your shadow hits the iron elemental but does no damage.
The iron elemental completely misses you.
You hit the iron elemental but do no damage.
The iron elemental is lightly damaged.
You hit the iron elemental but do no damage.
The iron elemental is lightly damaged.
You puncture the iron elemental!
The iron elemental is moderately damaged.
You hit the iron elemental but do no damage.
The iron elemental is moderately damaged.
You hit the iron elemental.
The iron elemental is moderately damaged.
Your shadow hits the iron elemental but does no damage.
You hit the iron elemental but do no damage.
The iron elemental is moderately damaged.
Your shadow hits the iron elemental but does no damage.
The iron elemental gestures at you. The spray of metal splinters hits you!
You feel threatened and lose the ability to drink potions!
* * * LOW HITPOINT WARNING * * *
Unknown command.
You hit the iron elemental but do no damage.
The iron elemental is moderately damaged.
You hit the iron elemental but do no damage.
The iron elemental is moderately damaged.
Your shadow hits the iron elemental with a dagger.
You hit the iron elemental but do no damage.
The iron elemental is moderately damaged.
You completely miss the iron elemental.
The iron elemental is moderately damaged.
You hit the iron elemental but do no damage.
The iron elemental is moderately damaged.
The iron elemental hits you!!
You die...

~~.##+##..#..####†#.†#[:▓......(.
~~##...##.####.÷+.##.#:|▓...(..[.
~~#..#..# ...#.÷#...####▓.....[..
####...####..#####..##)#▓.)....(.
#.###)###.##..#÷.÷^.#††#▓......(.
...##.##...#..#..#..#..#▓......[.
###'.<.'##.'..####..##.#▓(.()...|
...##.##...#..§§###§..##▓▓▓▓▓▓▓'▓
#.###'###.##..§§@E§~~~~~~~~~~~~..
####...####§§§§§§§§#'########'###
~~#.##..#~§~~§§§§§§#._._._..#~~~#
#~## ###~~~~~~~~.~#.._._._.#§§§≈
#~~##+##~~~≈§≈§§~~~#._._._._#~[§§
##~~~~~~~~~~≈≈§§~~~#_._._._.#§§§≈
#+++#+++#§§≈≈§≈≈≈~#._._._..#§§§§
≈≈≈≈≈ ##≈≈≈###≈≈#_._._...#§§§§
≈≈≈≈≈§§≈§##§≈#)#≈≈#._._....#~~≈§


You could see an iron elemental.

Vanquished Creatures
  A deep elf master archer (D)
  2 sphinxes (D)
  A kraken (D)
  A crystal guardian (D)
  2 boulder beetles (D)
  2 hell hogs (D)
  2 death drakes (D)
  2 deep trolls (D)
  3 shining eyes (D)
  A merfolk siren (D)
  2 cane toads (D)
  A yaktaur (D)
  3 polar bears (D)
  A blink frog (D)
  A hornet (D)
  2 wyverns (D)
  3 yaks (D)
  4 neqoxecs (D)
  Menkaure (D)
  8 water moccasins (D)
  2 swamp drakes (D)
  3 black bears (D)
  4 necrophages (D)
52 creatures vanquished.

Vanquished Creatures (others)
  A spectral bat (D)
  A spectral ball python (D)
  6 tentacles (D)
8 creatures vanquished.

Grand Total: 60 creatures vanquished

Notes
Turn   | Place    | Note
-------+----------+-------------------------------------------
     0 | D        | Groucho the Spriggan Enchanter began the quest for the Orb.
     0 | D        | Reached XP level 1. HP: 9/9 MP: 5/5
     3 | D        | Noticed a merfolk siren
     6 | D        | Noticed a necrophage
     6 | D        | Noticed a necrophage
     6 | D        | Noticed a necrophage
     6 | D        | Noticed a necrophage
     9 | D        | Noticed a neqoxec
     9 | D        | Noticed a neqoxec
     9 | D        | Noticed a neqoxec
     9 | D        | Noticed a neqoxec
    16 | D        | Killed a necrophage
    17 | D        | Reached skill level 4 in Spellcasting
    17 | D        | Reached skill level 5 in Hexes
    17 | D        | Reached XP level 2. HP: 13/13 MP: 5/8
    17 | D        | Reached XP level 3. HP: 16/16 MP: 6/10
    21 | D        | Killed a necrophage
    22 | D        | Reached skill level 10 in Stealth
    22 | D        | Reached skill level 5 in Spellcasting
    22 | D        | Reached XP level 4. HP: 14/21 MP: 6/12
    24 | D        | Killed a necrophage
    25 | D        | Reached skill level 5 in Short Blades
    25 | D        | Reached skill level 6 in Spellcasting
    25 | D        | Reached XP level 5. HP: 16/24 MP: 6/14
    40 | D        | Killed a neqoxec
    41 | D        | Reached skill level 7 in Spellcasting
    41 | D        | Reached XP level 6. HP: 19/28 MP: 7/17
    43 | D        | Killed a neqoxec
    44 | D        | Reached skill level 8 in Spellcasting
    44 | D        | Gained mutation: Armour fits poorly on your strangely
                  | shaped body. [a neqoxec]
    45 | D        | Killed a neqoxec
    46 | D        | Reached skill level 15 in Stealth
    46 | D        | Reached XP level 7. HP: 22/32 MP: 7/20
    46 | D        | Killed a neqoxec
    47 | D        | Reached skill level 9 in Spellcasting
    53 | D        | Killed a merfolk siren
    54 | D        | Reached skill level 10 in Spellcasting
    54 | D        | Reached skill level 10 in Hexes
    54 | D        | Reached XP level 8. HP: 25/36 MP: 8/23
    57 | D        | Noticed a boulder beetle
    57 | D        | Noticed a boulder beetle
    60 | D        | Killed a boulder beetle
    61 | D        | Reached skill level 10 in Short Blades
    61 | D        | Reached skill level 11 in Spellcasting
    63 | D        | Killed a boulder beetle
    64 | D        | Reached skill level 13 in Spellcasting
    64 | D        | Reached XP level 9. HP: 28/39 MP: 9/27
    82 | D        | Noticed Menkaure
    89 | D        | Learned a level 2 spell: Ensorcelled Hibernation
    93 | D        | Learned a level 3 spell: Confusing Touch
   101 | D        | Reached skill level 1 in Fighting
   107 | D        | Killed Menkaure
   208 | D        | Found Muint's Assorted Antiques.
   208 | D        | Found Vajuvoah's Antique Armour Emporium.
   208 | D        | Found Eraegof's Jewellery Shoppe.
   208 | D        | Found Ziukhatt's Distillery.
   208 | D        | Found Ohung's Book Shoppe.
   208 | D        | Found Kenuor's Magic Scroll Shoppe.
   209 | D        | Found Kaneg's Jewellery Emporium.
   209 | D        | Found Ogrioset's Antique Weapon Shoppe.
   210 | D        | Found Ulenigab's Book Shoppe.
   210 | D        | Found Ummejet's Antique Armour Emporium.
   212 | D        | Found Xuek Xeni's General Store.
   212 | D        | Found Vithrenga's Antique Armour Shoppe.
   212 | D        | Noticed an ice dragon
   212 | D        | Noticed an oklob plant
   213 | D        | Found Paniucs's Book Shoppe.
   213 | D        | Found Zoilyit's Book Shoppe.
   213 | D        | Found Xikhlotu's Distillery.
   214 | D        | Noticed an unseen horror
   215 | D        | Noticed an unseen horror
   255 | D        | Bought a potion of invisibility for 80 gold pieces
   259 | D        | Bought a runed robe for 70 gold pieces
   274 | D        | Bought a ring of flight for 245 gold pieces
   277 | D        | Bought an amulet of the acrobat for 360 gold pieces
   309 | D        | Found a glowing silver altar of Zin.
   310 | D        | Found a glowing golden altar of the Shining One.
   310 | D        | Found a basalt altar of Yredelemnul.
   310 | D        | Found a hide-covered altar of Uskayaw.
   311 | D        | Found a shimmering altar of Xom.
   311 | D        | Found a bloodstained altar of Trog.
   312 | D        | Found an ornate altar of the Wu Jian Council.
   312 | D        | Found a shimmering blue altar of Sif Muna.
   312 | D        | Found a corrupted altar of Lugonu.
   312 | D        | Found a radiant altar of Vehumet.
   312 | D        | Found a burning altar of Makhleb.
   313 | D        | Found a sacrificial altar of Ru.
   313 | D        | Found an ancient bone altar of Kikubaaqudgha.
   313 | D        | Found a white marble altar of Elyvilon.
   314 | D        | Found a stormy altar of Qazlal.
   314 | D        | Found a viscous altar of Jiyva.
   314 | D        | Found a shadowy altar of Dithmenos.
   315 | D        | Found a hazy altar of Hepliaklqana.
   315 | D        | Found a snail-covered altar of Cheibriados.
   317 | D        | Found a sparkling altar of Nemelex Xobeh.
   317 | D        | Found a blossoming altar of Fedhas.
   318 | D        | Found an opulent altar of Gozag.
   318 | D        | Found an iron altar of Okawaru.
   323 | D        | Became a worshipper of Dithmenos the Shadowed
   341 | D        | Reached skill level 5 in Dodging
   344 | D        | Reached * piety under Dithmenos
   345 | D        | Reached skill level 14 in Spellcasting
   345 | D        | Reached skill level 1 in Invocations
   356 | D        | Reached ** piety under Dithmenos
   363 | D        | Noticed a deep elf master archer
   368 | D        | Killed a deep elf master archer
   369 | D        | Reached XP level 10. HP: 38/51 MP: 22/29
   373 | D        | Noticed a shining eye
   373 | D        | Noticed a shining eye
   373 | D        | Noticed a shining eye
   375 | D        | Killed a shining eye
   376 | D        | Reached skill level 5 in Fighting
   376 | D        | Reached skill level 15 in Spellcasting
   376 | D        | Reached skill level 5 in Invocations
   377 | D        | Killed a shining eye
   378 | D        | Killed a shining eye
   378 | D        | Reached *** piety under Dithmenos
   395 | D        | Reached skill level 10 in Dodging
   398 | D        | Reached **** piety under Dithmenos
   401 | D        | Reached skill level 16 in Spellcasting
   414 | D        | Noticed a kraken
   432 | D        | Killed a kraken
   448 | D        | Reached ***** piety under Dithmenos
   449 | D        | Reached XP level 11. HP: 43/58 MP: 32/32
   549 | D        | Got Vipiegemn's Directory of Crystalline Coordinates
   616 | D        | Noticed a deep troll
   617 | D        | Noticed a deep troll
   619 | D        | Killed a deep troll
   634 | D        | Killed a deep troll
   663 | D        | Noticed a sphinx
   664 | D        | Noticed a sphinx
   666 | D        | Killed a sphinx
   667 | D        | Reached skill level 17 in Spellcasting
   667 | D        | Killed a sphinx
   725 | D        | Identified the +10 lajatang of Subterfuge {chaos, Will+}
   739 | D        | Noticed an orange crystal statue
   768 | D        | Bought the Codex of Solid Superposition for 468 gold pieces
   771 | D        | Learned a level 2 spell: Passwall
   775 | D        | Learned a level 3 spell: Dazzling Flash
   778 | D        | Learned a level 2 spell: Blink
   780 | D        | Learned a level 1 spell: Magic Dart
   784 | D        | Bought a steaming robe for 171 gold pieces
   784 | D        | Identified the +2 robe of Parts Unknown {Str+4 Dex+3} (You
                  | bought it in a shop in the Dungeon)
   864 | D        | Noticed a death drake
   869 | D        | Noticed a death drake
   869 | D        | Noticed a crystal guardian
   872 | D        | Killed a crystal guardian
   873 | D        | Reached skill level 10 in Invocations
   873 | D        | Killed a death drake
   873 | D        | Reached ****** piety under Dithmenos
   874 | D        | Reached skill level 18 in Spellcasting
   876 | D        | Killed a death drake
   890 | D        | Found the +5 sword of Power {vorpal}
   890 | D        | Noticed a hell hog
   890 | D        | Noticed a hell hog
   891 | D        | Noticed an iron elemental
   892 | D        | Killed a hell hog
   895 | D        | Killed a hell hog
   896 | D        | Reached skill level 15 in Dodging
   926 | D        | Reached skill level 10 in Fighting
   931 | D        | Reached XP level 12. HP: 67/67 MP: 26/35
   952 | D        | Lost mutation: Armour fits poorly on your strangely shaped
                  | body. [potion of mutation]
   952 | D        | Gained mutation: You occasionally lose the ability to drink
                  | potions when taking damage. [potion of mutation]
   952 | D        | Gained mutation: You are partially covered in iridescent
                  | scales. (AC +2) [potion of mutation]
   952 | D        | Gained mutation: Your spells are a little harder to cast,
                  | but a little more powerful. [potion of mutation]
   977 | D        | Slain by an iron elemental

Illustrated notes

Levels and vault maps discovered:
D:        the_violet_keep_of_menkaure [sprint2_stairs_cluster_1,
          sprint2_shoproom, sprint2_temple, sprint2_basic_supplies,
          sprint2_obstacle_4, sprint2_obstacle_2, sprint2_obstacle_5,
          sprint2_obstacle_7, sprint2_obstacle_6, sprint2_timed_cluster_1,
          sprint2_smallroom_cluster_1, sprint2_smallroom_final_cluster_1,
          sprint2_transparent_cluster_1, sprint2_second_timed_cluster_1,
          sprint2_sniper_area_1, sprint2_heavy_combat_area_1,
          sprint2_mutation_trap_area_1, sprint2_forest_area_1,
          sprint2_light_combat_area_1, sprint2_behind_water_1,
          sprint2_near_end_vault_1]

Skill      XL: |  1  2  3  4  5  6  7  8  9 10 11 |
---------------+----------------------------------+-----
Short Blades   | 3 4 5 6 7 8 10 | 10.0
Stealth        | 8 10 11 13 15 17 | 17.0
Spellcasting   | 4 5 6 7 8 10 13 14 16 18 | 18.7
Hexes          | 5 6 8 9 10 13 14 | 14.0
Fighting       | 4 7 10 | 10.0
Dodging        | 8 11 15 | 15.4
Invocations    | 4 8 11 | 11.3

Action                   |  1- 3 |  4- 6 |  7- 9 | 10-12 || total
-------------------------+-------+-------+-------+-------++-------
Melee: Dagger            |     7 |    11 |    14 |    95 ||   127
       Punch             |     1 |       |       |     3 ||     4
 Cast: Ensorcelled Hiber |       |       |     7 |     3 ||    10
       Confusing Touch   |       |       |     1 |     3 ||     4
  Use: Potion            |     2 |       |     1 |     6 ||     9
       Scroll            |       |       |       |     4 ||     4
 Stab: Invisible         |     2 |     3 |     2 |     3 ||    10
       Sleeping          |     1 |     2 |    11 |    27 ||    41
       Confused          |       |       |       |     2 ||     2
Armor: Robe              |       |       |       |     1 ||     1
Dodge: Dodged            |     2 |     2 |     2 |    51 ||    57
